 Dungeon Crawl Stone Soup version 0.31-a0-210-gccc998df9b (webtiles) character file.

Game seed: 11092160116621990557

568 qw the Shooter (level 7, -4/61 HPs)
             Began as a Minotaur Hexslinger on June 30, 2023.
             Slain by an ogre
             ... wielding a +0 giant spiked club
              (20 damage)
             ... on level 4 of the Dungeon.
             The game lasted 00:01:21 (3866 turns).

qw the Shooter (Minotaur Hexslinger)                Turns: 3866, Time: 00:01:22

Health: -4/61      AC:  7    Str: 12    XL:     7   Next: 11%
Magic:  7/7        EV: 11    Int: 10    God:
Gold:   100        SH:  0    Dex: 15    Spells: 7/8 levels left

rFire   . . .        Y - +2 sling
rCold   . . .        (no shield)
rNeg    . . .        d - +0 ring mail
rPois   .            (helmet restricted)
rElec   .            k - +0 cloak
rCorr   .            b - +0 pair of gloves
SInv    .            (no boots)
Will    .....        (no amulet)
Stlth   +            (no ring)
HPRegen 0.30/turn    (no ring)
MPRegen 0.10/turn

%: no passive effects
@: about to teleport
A: horns 2, retaliatory headbutt
a: no special abilities


You were on level 4 of the Dungeon.
You visited 1 branch of the dungeon, and saw 4 of its levels.

You collected 100 gold pieces.


Innate Abilities, Weirdness & Mutations

You have a pair of horns on your head.
You reflexively headbutt those who attack you in melee.


   Skills:
 - Level 5.2 Fighting
 - Level 7.0 Ranged Weapons
 + Level 1.2 Armour
 - Level 2.1 Dodging
 - Level 1.0 Spellcasting
 - Level 2.0 Hexes


You had 7 spell levels left.
You knew the following spells:

 Your Spells              Type           Power      Damage    Failure   Level
a - Slow                  Hex            16%        N/A       34%         1

Your spell library contained the following spells:

 Spells                   Type           Power      Damage    Failure   Level
 Inner Flame              Hex/Fire       2%         N/A       83%         3
 Portal Projectile        Hex/Tloc       4%         N/A       83%         3
 Cause Fear               Hex            2%         N/A       98%         4

Inventory:

Hand Weapons
 Y - a +2 sling (weapon)
Armour
 b - a +0 pair of gloves (worn)
 d - a +0 ring mail (worn)
 k - a +0 cloak (worn)
Jewellery
 l - an amulet of reflection
Wands
 e - a wand of digging (1)
Scrolls
 a - 2 scrolls of teleportation
Potions
 c - a potion of mutation {unknown}
 f - 3 potions of might
 g - 2 potions of heal wounds
 h - a potion of curing
 i - 2 potions of brilliance {unknown}
 j - a potion of lignification {unknown}

Dungeon Overview and Level Annotations

Branches:
Dungeon (4/15)
 Temple: D:4-7

Altars:
Hepliaklqana
Xom
Zin

Annotations:
D:4 1 runed translucent door


Message History

Enter note:
Enter note:
Enter note:
Enter note:
Enter note:
Enter note:
Enter note:
Enter note:
Enter note:
Enter note:
Enter note:
Enter note:
Enter note:
Enter note:
Enter note:
Enter note: You shoot a sling bullet.
The sling bullet hits the ogre.
The ogre is lightly wounded.
You shoot a sling bullet. The sling bullet hits the ogre.
The ogre is moderately wounded.
You shoot a sling bullet. The sling bullet hits the ogre.
The ogre is heavily wounded.
An ogre comes into view. It is wielding a +0 giant club.
You shoot a sling bullet. The ogre shouts!
The sling bullet hits the ogre.
The ogre is severely wounded.
You shoot a sling bullet. The sling bullet hits the ogre.
The ogre is severely wounded.
The ogre hits you with a +0 giant spiked club!!
You shoot a sling bullet.
The sling bullet closely misses the ogre.
The ogre hits you with a +0 giant spiked club!!
3865 ||| READING 3 scrolls of teleportation.
As you read the scroll of teleportation, it crumbles to dust.
You feel strangely unstable.
You shoot a sling bullet.
The sling bullet barely misses the ogre.
The ogre hits you with a +0 giant spiked club!!
You die...

#...###..##...####......####.#
## ....###.....### #.......###.#
# ...###.....## #........##.##
..##...#...## #..##........#
..#...###...### #..###.......#
#....# ##....####...##.......#
##..## #......................#
#..## #..........##.......#...
##..####....##.@....#####..####.
##..#..........O##..# #..# #
##......##......## ..# #.##
#......####....O# .# ....#..#
#....## ....#..# #..>. .......#
#.... .....#..# #.... ........#


You could see 2 ogres.

Vanquished Creatures
  Grinder (D:2)
  Sigmund (D:4)
  A howler monkey (D:4)
  Terence (D:3)
  4 gnolls
  5 adders
  2 worms
  3 dart slugs
  4 orcs
  3 ball pythons
  3 endoplasms
  2 giant cockroaches
  2 goblins
  8 hobgoblins
  3 jackals (D:4)
  A quokka (D:4)
  5 bats
  2 frilled lizards (D:1)
  11 kobolds
  5 rats
67 creatures vanquished.

Notes
Turn   | Place    | Note
-------+----------+-------------------------------------------
     0 | D:1      | qw the Minotaur Hexslinger began the quest for the Orb.
     0 | D:1      | Reached XP level 1. HP: 16/16 MP: 1/1
     0 | D:1      | 0 ||| qw: Version: 0.3-a-26-gee661ec
     0 | D:1      | 0 ||| qw: Game counter: 7274
     0 | D:1      | 0 ||| qw: Melee chars always use a shield: true
     0 | D:1      | 0 ||| qw: God list: Okawaru
     0 | D:1      | 0 ||| qw: Allow faded altars: false
     0 | D:1      | 0 ||| qw: Do Orc after clearing Dungeon:15 true
     0 | D:1      | 0 ||| qw: Do second Lair branch before Depths: true
     0 | D:1      | 0 ||| qw: Lair rune preference: random
     0 | D:1      | 0 ||| qw: Goals: Normal
     0 | D:1      | 0 ||| PLANNING D:1-11
   375 | D:1      | Reached skill level 3 in Ranged Weapons
   420 | D:1      | Reached XP level 2. HP: 23/23 MP: 2/2
   893 | D:1      | 893 ||| UPGRADING to +0 ring mail.
   903 | D:1      | 903 ||| DROPPING +0 robe.
   904 | D:1      | 904 ||| DROPPING amulet of magic regeneration.
   905 | D:1      | 905 ||| READING scroll labelled NIGADD IPHINK.
   906 | D:1      | 906 ||| READING scroll labelled DEVUIT VONASOF.
   907 | D:1      | 907 ||| READING scroll labelled NAIFANA SAHOLYTA.
   908 | D:1      | 908 ||| DROPPING scroll of poison.
   958 | D:2      | 958 ||| STAIRDANCE
  1024 | D:2      | 1024 ||| STAIRDANCE
  1029 | D:1      | HP: 4/24 [gnoll/+0 flail (4)]
  1034 | D:1      | Reached XP level 3. HP: 3/29 MP: 3/3
  1146 | D:2      | 1146 ||| STAIRDANCE
  1179 | D:2      | 1179 ||| STAIRDANCE
  1254 | D:2      | 1254 ||| STAIRDANCE
  1316 | D:2      | 1316 ||| STAIRDANCE
  1316 | D:2      | HP: 2/29 [gnoll/+0 halberd (10)]
  1429 | D:2      | 1429 ||| STAIRDANCE
  1478 | D:2      | 1478 ||| STAIRDANCE
  1539 | D:2      | Reached skill level 4 in Ranged Weapons
  1540 | D:2      | 1540 ||| STAIRDANCE
  1555 | D:2      | Reached skill level 1 in Armour
  1585 | D:2      | Identified the +3 mace "Viwuyllukebb" {freeze, Stlth+}
  1790 | D:2      | Reached XP level 4. HP: 36/36 MP: 4/4
  1937 | D:2      | 1937 ||| UPGRADING to +0 pair of gloves.
  1942 | D:2      | 1942 ||| READING scroll labelled BEG GUAZXACID.
  1947 | D:2      | 1947 ||| READING scroll labelled NITOQUASIKU.
  1948 | D:2      | 1948 ||| READING scroll labelled NATHEI TUHUN.
  1949 | D:2      | 1949 ||| DRINKING 2 inky potions.
  1950 | D:2      | 1950 ||| DRINKING 2 clear potions.
  1958 | D:3      | You fall into a shaft and drop 1 floor!
  2050 | D:3      | Found a faded altar of an unknown god.
  2080 | D:3      | Noticed Grinder
  2081 | D:3      | Paralysed by Grinder for 3 turns
  2098 | D:3      | 2098 ||| FLEEEEING.
  2109 | D:3      | 2109 ||| FLEEEEING.
  2110 | D:3      | 2110 ||| FLEEEEING.
  2111 | D:3      | 2111 ||| FLEEEEING.
  2134 | D:3      | 2134 ||| FLEEEEING.
  2135 | D:3      | 2135 ||| FLEEEEING.
  2136 | D:3      | 2136 ||| FLEEEEING.
  2141 | D:3      | 2141 ||| FLEEEEING.
  2147 | D:3      | 2147 ||| FLEEEEING.
  2148 | D:3      | 2148 ||| FLEEEEING.
  2149 | D:3      | 2149 ||| FLEEEEING.
  2150 | D:3      | 2150 ||| FLEEEEING.
  2151 | D:3      | 2151 ||| FLEEEEING.
  2152 | D:3      | 2152 ||| FLEEEEING.
  2152 | D:3      | Found a shimmering altar of Xom.
  2153 | D:3      | 2153 ||| FLEEEEING.
  2154 | D:3      | 2154 ||| FLEEEEING.
  2155 | D:3      | 2155 ||| FLEEEEING.
  2156 | D:3      | 2156 ||| STAIRDANCE
  2235 | D:3      | 2235 ||| STAIRDANCE
  2263 | D:3      | 2263 ||| STAIRDANCE
  2266 | D:2      | 2266 ||| FLEEEEING.
  2267 | D:2      | 2267 ||| FLEEEEING.
  2268 | D:2      | 2268 ||| FLEEEEING.
  2269 | D:2      | 2269 ||| FLEEEEING.
  2270 | D:2      | 2270 ||| FLEEEEING.
  2271 | D:2      | 2271 ||| FLEEEEING.
  2272 | D:2      | 2272 ||| FLEEEEING.
  2273 | D:2      | 2273 ||| FLEEEEING.
  2274 | D:2      | 2274 ||| FLEEEEING.
  2275 | D:2      | 2275 ||| FLEEEEING.
  2276 | D:2      | 2276 ||| FLEEEEING.
  2277 | D:2      | 2277 ||| FLEEEEING.
  2278 | D:2      | 2278 ||| FLEEEEING.
  2279 | D:2      | 2279 ||| FLEEEEING.
  2280 | D:2      | 2280 ||| FLEEEEING.
  2284 | D:2      | Paralysed by Grinder for 2 turns
  2290 | D:2      | Killed Grinder
  2291 | D:2      | Reached skill level 6 in Ranged Weapons
  2291 | D:2      | Reached XP level 5. HP: 41/41 MP: 5/5
  2291 | D:2      | Reached XP level 6. HP: 48/48 MP: 6/6
  2314 | D:3      | Noticed an angel
  2316 | D:3      | Found a glowing silver altar of Zin.
  2577 | D:3      | Noticed Terence
  2586 | D:3      | Killed Terence
  2951 | D:3      | 2951 ||| UPGRADING to +0 cloak.
  2956 | D:3      | 2956 ||| READING scroll labelled NYZANI XUAT.
  2957 | D:3      | 2957 ||| READING scroll labelled NOFOHA OGAW.
  2958 | D:3      | 2958 ||| DRINKING 3 red potions.
  3008 | D:4      | Reached skill level 3 in Fighting
  3219 | D:4      | Found a hazy altar of Hepliaklqana.
  3412 | D:4      | Noticed Sigmund
  3428 | D:4      | Killed Sigmund
  3429 | D:4      | Reached XP level 7. HP: 38/61 MP: 7/7
  3595 | D:4      | Reached skill level 7 in Ranged Weapons
  3595 | D:4      | Found a runed translucent door.
  3864 | D:4      | HP: 15/61 [ogre/+0 giant spiked club (19)]
  3865 | D:4      | 3865 ||| READING 3 scrolls of teleportation.
  3866 | D:4      | Slain by an ogre

Levels and vault maps discovered:
D:1:      mainiacjoe_arrival_reflecting_pool, layout_loops_corners,
          minmay_box_of_dots
D:2:      layout_rooms
D:3:      layout_loops_ring, grunt_temple_overflow_order_and_chaos_1,
          ebering_ecumenical_altar_sacrificial, kennysheep_nub, uniq_grinder,
          uniq_terence
D:4:      layout_layer_cave, mainiacjoe_overflow_catwalk,
          ebering_ghost_reflecting_pool, uniq_sigmund

Skill      XL: |  1  2  3  4  5  6  7 |
---------------+----------------------+-----
Ranged Weapons | 3 4 6 7 |  7.0
Fighting       | 2 5 |  5.2
Armour         | 1 |  1.2
Dodging        | |  2.1
Spellcasting   | |  1.0
Hexes          | |  2.0

Action                     |  1- 3 |  4- 6 |  7- 9 || total
---------------------------+-------+-------+-------++-------
   Fire: Sling             |    95 |   137 |    17 ||   249
    Use: Scroll            |     3 |     5 |     1 ||     9
         Potion            |       |     3 |       ||     3
 Armour: Robe              |     6 |       |       ||     6
         Ring mail         |     7 |    32 |     2 ||    41
  Dodge: Dodged            |    46 |    49 |     1 ||    96

Table legend:
 A = Non-vault XP
 B = Vault XP
 C = Vault XP percentage of total XP
 D = Non-vault monster count
 E = Vault monster count
 F = Vault count percentage of total count
                 A         B        C        D         E       F
            +---------+---------+-------+---------+---------+-------
      Total |     279 |     533 |  65.6 |      62 |       5 |   7.5
            +---------+---------+-------+---------+---------+-------
        D:1 |      47 |       3 |   6.0 |      14 |       2 |  12.5
        D:2 |      64 |     272 |  81.0 |      14 |       1 |   6.7
        D:3 |      57 |      32 |  36.0 |      18 |       1 |   5.3
        D:4 |     111 |     226 |  67.1 |      16 |       1 |   5.9
            +---------+---------+-------+---------+---------+-------
